 Dungeon Crawl Stone Soup version 0.14-a0-2374-ge879b5e (webtiles) character file.

424 Mitsuki the Chopper (level 5, -7/45 HPs)
             Began as a Minotaur Gladiator on Feb 1, 2014.
             Mangled by Pikel
             ... wielding a +0,+0 whip of electrocution
              (23 damage)
             ... on Level 4 of the Dungeon.
             The game lasted 00:10:26 (3138 turns).

Mitsuki the Chopper (Minotaur Gladiator)            Turns: 3138, Time: 00:10:27

HP  -7/45        AC 11     Str 21      XL: 5   Next: 86%
MP   2/2         EV  9     Int 10      God:
Gold 176         SH  0     Dex 10      Spells:  0 memorised,  4 levels left

rFire  + . .     SeeInvis .     a - +0 hand axe
rCold  . . .     Clarity  .     y - +0 dwarf scale mail
rNeg   . . .     Conserve .     (no shield)
rPois  +         rCorr    .     c - +0 hat
rElec  .         rRot     .     v - +0 orc cloak
SustAb . .       Spirit   .     (no gloves)
rMut   .         Warding  .     C - +2 pair of elf boots
Saprov . . .     Stasis   .     (no amulet)
MR     .....                    (no ring)
                                n - ring of poison resistance

@: invisible, brilliant, very slightly contaminated, hasted, very quick, not
resistant to hostile enchantments, extremely unstealthy
A: retaliatory headbutt, horns 2, fire resistance 1
a: no special abilities


You were on level 4 of the Dungeon.
You were not hungry.

You visited 1 branch of the dungeon, and saw 4 of its levels.

You collected 176 gold pieces.

Inventory:

Hand weapons
 a - a +0,+0 hand axe (weapon)
Missiles
 d - 3 throwing nets (quivered)
Armour
 c - a +0 hat (worn)
 v - a +0 orcish cloak (worn)
 y - a +0 dwarven scale mail (worn)
 C - a +2 pair of elven boots (worn)
Comestibles
 f - 3 bread rations
 l - a meat ration
 p - 2 rotting chunks of worker ant flesh
 q - 2 rotting chunks of jackal flesh
 F - a rotting chunk of jackal flesh
Scrolls
 e - 2 scrolls of blinking {unknown}
 h - 4 scrolls of remove curse
 k - 3 scrolls of teleportation {unknown}
 m - 2 scrolls of noise {unknown}
 o - 3 scrolls of fear {unknown}
 s - a scroll of fog {unknown}
 u - 2 scrolls of curse weapon {unknown}
 w - 3 scrolls of identify
 x - a scroll of recharging {unknown}
 z - 2 scrolls of immolation {unknown}
 A - a scroll of amnesia {unknown}
 D - a scroll of enchant weapon I {unknown}
Jewellery
 g - a cursed amulet of conservation
 n - a ring of poison resistance (left hand)
Potions
 j - 4 potions of curing {unknown}
 r - a potion of speed


   Skills:
 + Level 3.3 Fighting
 + Level 5.3 Axes
 - Level 2.0 Throwing
 + Level 3.2 Armour
 + Level 4.9 Dodging
 - Level 0.1 Stealth


You had 4 spell levels left.
You didn't know any spells.

Dungeon Overview and Level Annotations

Branches:
Dungeon (4/16)
 Temple: D:4-7

Altars:
The Shining One

Annotations:
D:4 Pikel


Innate Abilities, Weirdness & Mutations

You reflexively headbutt those who attack you in melee.
You have a pair of horns on your head.
Your flesh is heat resistant.


Message History

Pikel hits you but does no damage.
You are electrocuted!
The slave barely misses you. You furiously retaliate!
You headbutt the slave. The slave hits you.
You hit Pikel. You headbutt Pikel.
Pikel is heavily wounded.
You miss Pikel.
Pikel is heavily wounded.
Pikel barely misses you. You furiously retaliate!
You headbutt Pikel. The slave hits you but does no damage.
The slave barely misses you.
You closely miss Pikel. You headbutt Pikel!
Pikel is severely wounded.
The slave misses you. The slave hits you but does no damage.
Your scale mail prevents you from hitting Pikel.
Pikel is severely wounded.
Pikel misses you. The slave barely misses you.
You hit Pikel but do no damage.
Pikel is severely wounded.
Pikel hits you but does no damage.
You are electrocuted!
Ouch! That really hurt!
You die...

#.......###...<....###.
#.......# ##.#.###.###.
#.##....# #.......#...
#.##.#..# ##..#####.#.
#.##....# #..## ##.#.
#.......# #(######....
#.###..## #.....##..#.
#....#@#####.....##%.#.
###..K@.@@.............
#####@#####.....##.#..
#......# ##.....##.#..
#.##...# #..@....#....
#.##.#.# #.#.###.##...
#.##...###.#@.##.##...
#.####.##..#..##.##...
#.####.##..##@##.##.#.
#......##....<....@...


You could see Pikel and 4 slaves.

Vanquished Creatures
  Sigmund (D:3)
  A hound (D:4)
  A worker ant (D:4)
  5 adders
  A giant mite (D:3)
  An iguana skeleton (D:3)
  6 orcs (D:3)
  7 goblins
  7 hobgoblins
  6 jackals
  7 kobolds
  A ball python (D:3)
  2 bats
  5 giant cockroaches
  4 giant newts
  5 quokkas
  13 rats
73 creatures vanquished.

Notes
Turn   | Place    | Note
--------------------------------------------------------------
     0 | D:1      | Mitsuki, the Minotaur Gladiator, began the quest for the Orb.
     0 | D:1      | Reached XP level 1. HP: 18/18 MP: 1/1
   484 | D:1      | Reached skill level 4 in Axes
   515 | D:1      | Reached XP level 2. HP: 15/25 MP: 1/1
   989 | D:2      | Found a glowing golden altar of the Shining One.
  1195 | D:2      | Reached XP level 3. HP: 30/30 MP: 2/2
  1307 | D:2      | Reached skill level 1 in Armour
  1719 | D:3      | Reached XP level 4. HP: 24/37 MP: 2/2
  1989 | D:3      | Noticed Sigmund
  2115 | D:3      | Killed Sigmund
  2115 | D:3      | Reached skill level 5 in Axes
  2115 | D:3      | Reached XP level 5. HP: 13/45 MP: 2/2
  2854 | D:4      | Noticed a slave
  2855 | D:4      | Noticed Pikel
  2855 | D:4      | Noticed a slave
  2855 | D:4      | Noticed a slave
  2858 | D:4      | Noticed a slave
  3120 | D:3      | Gained mutation: Your flesh is heat resistant. [potion of beneficial mutation]
  3138 | D:4      | Mangled by Pikel

Action                   |  1- 3 |  4- 6 || total
-------------------------+-------+-------++-------
Melee: Hand axe          |   112 |    98 ||   210
  Use: Scroll            |     1 |     4 ||     5
       Potion            |       |     5 ||     5
 Stab: Invisible         |       |     1 ||     1
